 Dungeon Crawl Stone Soup version 0.26-a0-651-gb41185065b (webtiles) character file.

Game seed: 5545324423234140523

79 Flugslaktarn the Covered (level 4, -9/42 HPs)
             Began as a Deep Dwarf Fighter on Oct 8, 2020.
             Mangled by an ogre
             ... wielding a +0 giant club
              (24 damage)
             ... on level 4 of the Dungeon.
             The game lasted 00:00:22 (416 turns).

Flugslaktarn the Covered (Deep Dwarf Fighter)        Turns: 416, Time: 00:00:23

Health: -9/42      AC:  9    Str: 21    XL:     4   Next: 16%
Magic:  4/4        EV:  5    Int:  8    God:
Gold:   56         SH:  9    Dex: 12    Spells: 3/3 levels left

rFire    . . .     SeeInvis .   a - +0 war axe
rCold    . . .     Faith    .   c - +0 kite shield
rNeg     . . .     Spirit   .   m - +0 chain mail (curse)
rPois    .         Reflect  .   (no helmet)
rElec    .         Harm     .   (no cloak)
rCorr    .         Rampage  .   (no gloves)
MR       .....                  (no boots)
Stlth    ..........             (no amulet)
HPRegen  0.00/turn              (no ring)
MPRegen  0.09/turn              (no ring)

@: non-regenerating
A: damage resistance, heal wounds, sense surroundings 1, no regeneration
a: Heal Wounds


You were on level 4 of the Dungeon.
You visited 1 branch of the dungeon, and saw 4 of its levels.

You collected 56 gold pieces.

Inventory:

Hand Weapons
 a - a +0 war axe (weapon)
Armour
 b - a +0 scale mail
 c - a +0 kite shield (worn)
 m - a cursed +0 chain mail (worn)
   (You found it on level 4 of the Dungeon)
Jewellery
 j - an uncursed amulet of guardian spirit {unknown}
   (You found it on level 3 of the Dungeon)
Scrolls
 g - 3 scrolls of remove curse {unknown}
 h - a scroll of amnesia {unknown}
 i - a scroll of enchant armour {unknown}
Potions
 d - a potion of might
 e - a potion of resistance {unknown}
 f - 4 potions of curing {unknown}
 k - a potion of haste {unknown}
 l - a potion of heal wounds {unknown}


   Skills:
 * Level 3.4 Fighting
 * Level 3.3 Axes
 + Level 3.7 Armour
 + Level 3.7 Shields


You had 3 spell levels left.
You didn't know any spells.
Your spell library was empty.

Dungeon Overview and Level Annotations

Branches:
Dungeon (4/15)
 Temple: D:4-7

Altars:
Dithmenos


Innate Abilities, Weirdness & Mutations

You are resistant to damage.
You can heal yourself by infusing magical energy.
You passively map a small area around you.
You do not regenerate.


Message History

The ogre hits you with a +0 giant club! The hound bites you but does no damage.
You barely miss the ogre.
The ogre is lightly wounded.
You hit the hound. You block the hound's attack.
The ogre hits you with a +0 giant club! You block the hound's attack.
You slash the ogre!
The ogre is heavily wounded.
You closely miss the hound. The hound bites you but does no damage.
You block the ogre's attack. The hound bites you but does no damage.
You hit the ogre.
The ogre is heavily wounded.
You miss the hound. You block the hound's attack.
The ogre hits you with a +0 giant club! You block the hound's attack.
You barely miss the ogre.
The ogre is heavily wounded.
You closely miss the hound. The hound bites you but does no damage.
The ogre barely misses you. The hound bites you but does no damage.
The ogre hits you with a +0 giant club!!
Ouch! That really hurt!
You die...

, , ..* * *#.##
* . *#..# * #.#
#..# ....,**..##
, #.$###.(### *
#........# *
#...hO#.#
#...##@#.# *
#....*#...#
....[.###...## *
* #...)#*#<....#
...##*
###...##########
, )..*
#.>..........# ,
..
############.# ,
*


You could see an ogre and a hound.

Vanquished Creatures
  A bullfrog (D:4)
  3 bats
  2 giant cockroaches (D:3)
  3 goblins
  A hobgoblin (D:3)
  4 kobolds
  3 rats
17 creatures vanquished.

Notes
Turn   | Place    | Note
-------+----------+-------------------------------------------
     0 | D:1      | Flugslaktarn the Deep Dwarf Fighter began the quest for the
                  | Orb.
     0 | D:1      | Reached XP level 1. HP: 20/20 MP: 1/1
   173 | D:2      | Reached XP level 2. HP: 27/27 MP: 2/2
   279 | D:3      | Found a shadowy altar of Dithmenos.
   379 | D:4      | Noticed a bullfrog
   386 | D:4      | Killed a bullfrog
   386 | D:4      | Reached XP level 3. HP: 19/34 MP: 3/3
   386 | D:4      | Reached XP level 4. HP: 23/42 MP: 4/4
   404 | D:4      | Noticed an ogre
   416 | D:4      | Mangled by an ogre

Illustrated notes

Levels and vault maps discovered:
D:1:      nzn_arrival_water_spiral, layout_loops_corners, serial_park_tiny_2,
          minmay_tromino_v2
D:2:      minmay_angry_zag, layout_rooms, lemuel_coloured_pillars_altar
D:3:      layout_loops_cross, overflow_temple_1_default, corner_web_ring,
          grunt_decor_arrowhead, nicolae_dithmenos_through_a_glass_darkly
D:4:      layout_basic, nicolae_ossuary_entry_giza, grunt_ministairs_1,
          hangedman_decor_push, minmay_fractal_squares_gapless_5

Skill      XL: |  1  2 |
---------------+-------+-----
Fighting       | 3 |  3.4
Axes           | 3 |  3.3
Armour         | |  3.7
Shields        | |  3.7

Action                   |  1- 3 |  4- 6 || total
-------------------------+-------+-------++-------
Melee: War axe           |    50 |     6 ||    56
 Abil: Heal Wounds       |       |     2 ||     2
Armor: Scale mail        |    23 |       ||    23
       Chain mail        |       |     8 ||     8
Dodge: Dodged            |    10 |     1 ||    11
Block: Kite shield       |    29 |    10 ||    39

Table legend: (Time is in decaauts)
 A = Elapsed time spent in this place.
 B = Non-inter-level travel time spent in this place.
 C = Inter-level travel time spent in this place.
 D = Time resting spent in this place.
 E = Time spent auto-exploring this place.
 F = Levels seen in this place.
 G = Mean time per level.
                   A        B        C        D        E       F      G
               +--------+--------+--------+--------+--------+-----+--------+
         Total |    444 |    406 |     38 |      0 |    254 |   4 |  111.0 |
       Dungeon |    444 |    406 |     38 |      0 |    254 |   4 |  111.0 |
               +--------+--------+--------+--------+--------+-----+--------+

Top non-repeatable levels by time:
     D:3: 197 daAuts
     D:1: 120 daAuts
     D:2: 79 daAuts
     D:4: 46 daAuts
